 Dungeon Crawl Stone Soup version 0.29.0-13-gc9e81de378 (webtiles) character file.

Game seed: 13755038620098854901

5282 keekatzer the Covert (level 10, -22/86 HPs)
             Began as a Ghoul Summoner on Sept 9, 2022.
             Was a Follower of Ru.
             Annihilated by a two-headed ogre
             ... wielding a +0 giant club
              (33 damage)
             ... on level 9 of the Dungeon.
             The game lasted 00:50:48 (7795 turns).

keekatzer the Covert (Ghoul Summoner)               Turns: 7795, Time: 00:50:48

Health: -22/86     AC:  8    Str: 13    XL:     10   Next: 63%
Magic:  1/3        EV: 16    Int: 14    God:    Ru [*.....]
Gold:   446        SH:  5    Dex: 21    Spells: 6/12 levels left

rFire   . . .      SeeInvis .   p - +10 quick blade "Ituci Odega" {antimagic, *Slow Int+4}
rCold   + . .      Faith    .   (no shield)
rNeg    + + +      Spirit   .   H - +0 steam dragon scales
rPois   ∞          Reflect  +   E - +0 helmet
rElec   .          Harm     .   I - +0 cloak {Will+}
rCorr   +          Rampage  .   (no gloves)
Will    +....                   (no boots)
Stlth   +++++.....              K - amulet "Jozxips" {Reflect Dex+2 SH+5}
HPRegen 0.00/turn               u - +6 ring of dexterity
MPRegen 0.08/turn               k - ring of resist corrosion

@: inhibited regen
A: claws 1, cold resistance 1, negative energy resistance 3, inhibited
regeneration, torment resistance 2, missing an eye, devour on kill
a: Renounce Religion


You were on level 9 of the Dungeon.
You worshipped Ru.
Ru was aware of your devotion.
You visited 2 branches of the dungeon, and saw 10 of its levels.

You collected 446 gold pieces.

Inventory:

Hand Weapons
 p - the +10 quick blade "Ituci Odega" (weapon) {antimagic, *Slow Int+4}
   (You found it on level 2 of the Dungeon)

   It reduces the magical energy of the wielder, and disrupts the spells and
   magical abilities of those it strikes.
   Natural abilities and divine invocations are not affected.
   Int:       It affects your intelligence (+4).
   *Slow:     It may slow you when you take damage.
 y - a +2 trident of freezing
Missiles
 n - 29 poisoned darts (quivered)
Armour
 m - a +1 chain mail of fire resistance
 B - a +0 kite shield
 E - a +0 helmet (worn)
 H - +0 steam dragon scales (worn)
 I - a +0 cloak of willpower (worn)
 L - +0 acid dragon scales
Jewellery
 k - a ring of resist corrosion (right claw)
 o - an amulet of regeneration
 u - a +6 ring of dexterity (left claw)
 w - an amulet of faith
 F - a ring of protection from fire
 K - the amulet "Jozxips" (around neck) {Reflect Dex+2 SH+5}
   (You found it on level 8 of the Dungeon)

   [amulet of reflection]

   It reflects blocked missile attacks.
   Dex:       It affects your dexterity (+2).
   SH:        It affects your SH (+5).
Wands
 J - a wand of charming (9)
Scrolls
 a - 2 scrolls of butterflies {unknown}
 f - a scroll of enchant weapon {unknown}
 i - 7 scrolls of teleportation {unknown}
 l - 8 scrolls of identify {unknown}
 r - 2 scrolls of blinking {unknown}
 v - a scroll of magic mapping {unknown}
 x - 2 scrolls of fear {unknown}
 C - a scroll of vulnerability {unknown}
 D - 2 scrolls of noise {unknown}
 G - 2 scrolls of amnesia {unknown}
Potions
 b - a potion of magic
 c - a potion of lignification {unknown}
 d - 3 potions of flight {unknown}
 e - 6 potions of heal wounds {unknown}
 g - 2 potions of might {unknown}
 h - 2 potions of berserk rage {unknown}
 j - a potion of brilliance {unknown}
 q - 4 potions of ambrosia {unknown}
 s - 2 potions of mutation {unknown}
 t - 3 potions of degeneration {unknown}
 z - 2 potions of haste {unknown}
 A - 6 potions of curing {unknown}


   Skills:
 + Level 7.2 Fighting
 + Level 5.6 Short Blades
 - Level 4.1 Armour
 + Level 6.0 Dodging
 * Level 10.7 Stealth
 * Level 3.1 Shields
 - Level 1.8 Spellcasting
 - Level 3.6 Summonings


You had 6 spell levels left.
You knew the following spells:

 Your Spells              Type           Power      Damage    Failure   Level
a - Summon Small Mammal   Summ           44%        N/A       5%          1
b - Call Imp              Summ           11%        N/A       9%          2
c - Call Canine Familiar  Summ           11%        N/A       16%         3

Your spell library contained the following spells:

 Spells                   Type           Power      Damage    Failure   Level
 Sting                    Tmut/Pois      4%         1d3       24%         1
 Summon Guardian Golem    Hex/Summ       6%         N/A       34%         3
 Poisonous Vapours        Pois/Air       2%         N/A       36%         2
 Gell's Gravitas          Tloc           1%         N/A       58%         3
 Ignite Poison            Fire/Tmut/Pois 1%         N/A       58%         3
 Inner Flame              Hex/Fire       1%         N/A       58%         3
 Mephitic Cloud           Conj/Pois/Air  1%         N/A       58%         3
 Teleport Other           Tloc           1%         N/A       58%         3
 Summon Lightning Spire   Summ/Air       6%         N/A       75%         4
 Cause Fear               Hex            0%         N/A       94%         4
 Olgreb's Toxic Radiance  Pois           1%         N/A       94%         4
 Freezing Cloud           Conj/Ice/Air   0%         6-21      100%        5
 Dispersal                Tloc           0%         N/A       100%        6
 Discord                  Hex            0%         N/A       100%        8


Dungeon Overview and Level Annotations

Branches:
Dungeon (9/15)             Temple (1/1) D:4
   Lair: D:8-11         Orc: D:9-12

Altars:
Ashenzari
Cheibriados
Fedhas
Gozag
Hepliaklqana
Kikubaaqudgha
Makhleb
Nemelex Xobeh
Okawaru
Qazlal
Ru
Sif Muna
Trog
Uskayaw
Vehumet
Wu Jian
Xom
Yredelemnul

Shops:
D:3 (

Portals:
Bailey: D:9


Innate Abilities, Weirdness & Mutations

You are immune to poison.
You have sharp fingernails.
Your flesh is cold resistant. (rC+)
You are immune to negative energy. (rN+++)
You do not regenerate when monsters are visible.
You are immune to unholy pain and torment.
You are missing an eye, making it more difficult to aim.
You thrive by killing the living.


Message History

You enter the shallow water.
Moving in this stuff is going to be slow.
There is an escape hatch in the floor here.
You see here a +0 spear.
There is a flagged portal here.
You see here a +0 spear.
The two-headed ogre attacks as you move away!
The two-headed ogre hits you with a +0 giant club.
The two-headed ogre misses you.
Casting: Call Imp (safe; 9% risk of failure)
Confirm with . or Enter, or press ? or * to list all spells.
A beastly little devil appears in a puff of frigid air.
The two-headed ogre attacks as you move away!
You block the two-headed ogre's attack.
The two-headed ogre hits you with a +0 giant club!
* * * LOW HITPOINT WARNING * * *
You enter the shallow water.
Moving in this stuff is going to be slow.
Your white imp hits the two-headed ogre.
Your white imp freezes the two-headed ogre.
Your white imp hits the two-headed ogre.
Your white imp freezes the two-headed ogre.
Your white imp hits the two-headed ogre but does no damage.
The goblin closely misses your white imp.
Your white imp hits the two-headed ogre.
Your white imp freezes the two-headed ogre.
Your white imp gestures at the two-headed ogre.
The puff of frost hits the two-headed ogre!
The two-headed ogre attacks as you move away!
The two-headed ogre is stunned by your conviction and fails to attack.
The goblin closely misses you.
The goblin hits you from afar with a +0 spear.
* * * LOW HITPOINT WARNING * * *
Your white imp gestures at the two-headed ogre.
The puff of frost hits the two-headed ogre.
You hit the two-headed ogre.
The two-headed ogre is severely wounded.
The goblin hits you but does no damage.
The two-headed ogre hits you with a +0 giant club!!
You die...

##.....## ##....####
#.......#####.....#
........g.........#
#.............#
##..########...#
#...#....$.#...####
#..........#.......
#..≈≈~≈≈...#.......
##@≈.>.≈...#.......
#O).∩.~...#.......
#.5g..≈...##...###
#.≈≈~≈≈....#...#
#.......####...#
....................#
....................#
########............#
#............#


You could see a two-headed ogre (ally target), a goblin and a friendly white imp
(summoned).

Vanquished Creatures
  Pikel (D:4)
  Maggie (D:8)
  A troll (D:9)
  2 hornets
  Grinder (D:3)
  Sigmund (D:4)
  5 yaks (D:8)
  2 steam dragons
  Menkaure (D:4)
  2 acid dragons
  Duvessa (D:4)
  An orc warrior (D:8)
  2 sky beasts
  An ice beast (D:6)
  An ogre (D:4)
  2 lemures (D:5)
  2 kobold brigands
  Blork the orc (D:4)
  A bullfrog (D:6)
  A gnoll sergeant (D:4)
  A scorpion (D:5)
  3 wights (D:6)
  6 killer bees
  2 vampire bats (D:7)
  A howler monkey (D:7)
  Crazy Yiuf (D:6)
  A hound (D:6)
  4 jellies
  3 orc priests
  A gnoll bouda (D:8)
  2 iguanas
  4 orc wizards
  8 gnolls
  5 adders
  2 white imps
  2 ufetubi
  A worm (D:3)
  18 orcs
  8 ball pythons
  4 bats
  4 bat skeletons (D:7)
  2 bat zombies (D:7)
  3 endoplasms
  6 giant cockroaches
  9 hobgoblins
  3 quokkas
  4 frilled lizards
  7 goblins
  16 kobolds
  4 rats
165 creatures vanquished.

Vanquished Creatures (collateral kills)
  Dowan (D:4)
  An orc priest (D:4)
  An iguana (D:5)
  A gnoll (D:5)
  A worm (D:2)
  2 ball pythons (D:1)
  2 goblins
  A frilled lizard (D:1)
  A rat (D:1)
11 creatures vanquished.

Vanquished Creatures (others)
  A plant (D:1)
1 creature vanquished.

Grand Total: 177 creatures vanquished

Notes
Turn   | Place    | Note
-------+----------+-------------------------------------------
     0 | D:1      | keekatzer the Ghoul Summoner began the quest for the Orb.
     0 | D:1      | Reached XP level 1. HP: 14/14 MP: 2/2
   214 | D:1      | Found a faded altar of an unknown god.
   632 | D:1      | Reached skill level 1 in Fighting
   675 | D:1      | Reached XP level 2. HP: 23/23 MP: 0/3
  1161 | D:1      | Learned a level 2 spell: Call Imp
  1172 | D:2      | Reached XP level 3. HP: 24/29 MP: 1/4
  1191 | D:2      | Identified the +10 quick blade "Ituci Odega" {antimagic,
                  | *Slow Int+4}
  1959 | D:3      | Reached XP level 4. HP: 37/37 MP: 1/5
  2123 | D:3      | Found Kuwkiwkeoq's Weapon Boutique.
  2242 | D:3      | Noticed Grinder
  2253 | D:3      | Paralysed by Grinder for 3 turns
  2260 | D:3      | Killed Grinder
  2261 | D:3      | Reached skill level 1 in Short Blades
  2261 | D:3      | Reached skill level 1 in Armour
  2261 | D:3      | Reached skill level 3 in Stealth
  2261 | D:3      | Reached XP level 5. HP: 7/45 MP: 0/6
  2261 | D:3      | Reached XP level 6. HP: 8/51 MP: 0/7
  2538 | D:4      | Reached skill level 4 in Stealth
  2673 | D:4      | Noticed Duvessa
  2674 | D:4      | Noticed Dowan
  2819 | D:4      | Found a staircase to the Ecumenical Temple.
  2834 | D:4      | Reached XP level 7. HP: 57/58 MP: 2/8
  2839 | Temple   | Entered the Ecumenical Temple
  2898 | D:4      | Found a burning altar of Makhleb.
  2899 | D:4      | Found an ornate altar of the Wu Jian Council.
  2900 | D:4      | Found a sacrificial altar of Ru.
  2968 | D:4      | Noticed Sigmund
  2986 | D:4      | Killed Sigmund
  3004 | D:4      | Noticed Menkaure
  3005 | D:4      | Noticed Pikel
  3088 | D:4      | Reached skill level 5 in Stealth
  3193 | D:5      | Entered Level 5 of the Dungeon
  3673 | D:4      | Noticed Blork the orc
  3719 | D:4      | Killed Blork the orc
  3720 | D:4      | Reached XP level 8. HP: 67/67 MP: 0/9
  3922 | D:4      | Became a worshipper of Ru the Awakened
  4025 | D:6      | Reached skill level 6 in Stealth
  4096 | D:6      | Learned a level 3 spell: Call Canine Familiar
  4246 | D:6      | Reached skill level 5 in Fighting
  4246 | D:6      | Reached skill level 7 in Stealth
  4391 | D:6      | Found a runed translucent door.
  4392 | D:6      | Noticed Crazy Yiuf
  4411 | D:6      | Killed Crazy Yiuf
  4541 | D:6      | Reached XP level 9. HP: 31/74 MP: 1/10
  4798 | D:7      | Reached skill level 8 in Stealth
  4911 | D:7      | Found an ancient bone altar of Kikubaaqudgha.
  5021 | D:7      | Gained mutation: You are missing an eye, making it more
                  | difficult to aim. [Ru sacrifice]
  5021 | D:7      | Reached * piety under Ru
  5297 | D:8      | Reached skill level 5 in Dodging
  5308 | D:8      | Reached skill level 9 in Stealth
  5421 | D:8      | Identified the amulet "Jozxips" {Reflect Dex+2 SH+5}
  5846 | D:8      | Noticed a two-headed ogre
  6183 | D:8      | Reached skill level 5 in Short Blades
  6199 | D:8      | Reached XP level 10. HP: 70/84 MP: 3/11
  6355 | D:8      | Noticed Maggie
  6372 | D:8      | Killed Maggie
  6373 | D:8      | Reached skill level 10 in Stealth
  6373 | D:8      | Reached skill level 1 in Shields
  6742 | D:4      | Killed Pikel
  7041 | D:4      | Killed Duvessa
  7046 | D:4      | Killed Dowan
  7107 | D:4      | Killed Menkaure
  7471 | D:9      | Noticed a two-headed ogre
  7728 | D:9      | Found a flagged portal.
  7731 | D:9      | Noticed a two-headed ogre
  7795 | D:9      | Annihilated by a two-headed ogre

Illustrated notes

Levels and vault maps discovered:
D:1:      eino_arrival_tree_alley, layout_loops_corners, basic_ecumenical_altar,
          minmay_shallow_snake_nest
D:2:      layout_basic, serial_rivers, chequers_serial_rivers_marsh,
          chequers_serial_rivers_small_a, chequers_serial_rivers_marsh,
          chequers_serial_rivers_room_b, chequers_serial_rivers_micro_a,
          chequers_serial_rivers_large_a
D:3:      layout_loops_ring, serial_shops, nicolae_shop_trees, minivault_23,
          uniq_grinder
D:4:      layout_cave_pods, nicolae_overflow_hidden_temple,
          minmay_temple_entry_statues_fountains, uniq_pikel, uniq_sigmund,
          uniq_duvessa, uniq_menkaure, uniq_blork_the_orc
D:5:      layout_basic
D:6:      layout_gridville, uniq_crazy_yiuf_cottage
D:7:      layout_basic, kennysheep_vampire_church
D:8:      layout_loops_ring, chequers_serial_rivers_small_a, uniq_maggie
D:9:      kennysheep_six_static_rooms, layout_irregular_city,
          jmf_multi_god_temple2, lair_entry_dummy, enter_bailey_5,
          lightli_minifort
Temple:   lightli_temple_of_artemis

Skill      XL: |  1  2  3  4  5  6  7  8  9 10 |
---------------+-------------------------------+-----
Fighting       | 1 2 3 4 5 6 7 |  7.2
Dodging        | 2 3 4 5 6 |  6.0
Short Blades   | 1 2 3 5 |  5.6
Armour         | 1 2 3 4 |  4.1
Stealth        | 3 4 5 7 9 10 | 10.7
Shields        | 3 |  3.1
Spellcasting   | |  1.8
Summonings     | |  3.6

Action                   |  1- 3 |  4- 6 |  7- 9 | 10-12 || total
-------------------------+-------+-------+-------+-------++-------
Melee: Unarmed           |    12 |       |       |       ||    12
       Whip              |    32 |       |       |       ||    32
       Hand axe          |    11 |       |       |       ||    11
       Quick blade       |    31 |    58 |   398 |   165 ||   652
       Punch             |       |     1 |     3 |     5 ||     9
 Cast: Summon Small Mamm |    16 |     1 |       |       ||    17
       Call Imp          |     1 |       |     7 |     2 ||    10
       Call Canine Famil |       |       |     3 |     3 ||     6
Invok: Sacrifice an Eye  |       |       |     1 |       ||     1
 Stab: Sleeping          |     5 |     4 |     7 |     2 ||    18
       Distracted        |       |       |     3 |       ||     3
Armor: Robe              |     8 |     2 |    12 |       ||    22
       Leather armour    |       |       |    28 |       ||    28
       Acid dragon scale |       |       |       |    15 ||    15
       Steam dragon scal |       |       |       |     2 ||     2
Dodge: Dodged            |    65 |    20 |   164 |    65 ||   314
Block: Other             |       |       |    21 |    30 ||    51
